 Dungeon Crawl Stone Soup version 0.29.1-2-gbd0b4ee654 (webtiles) character file.

Game seed: 11873929533366373640

46 Earthwalker the Shield-Bearer (level 3, 0/33 HPs)
             Began as a Minotaur Fighter on Oct 23, 2022.
             Slain by Terence
             ... wielding a +0 vorpal flail
              (8 damage)
             ... on level 2 of the Dungeon.
             The game lasted 00:02:26 (1142 turns).

Earthwalker the Shield-Bearer (Minotaur Fighter)    Turns: 1142, Time: 00:02:27

Health: 0/33       AC:  7    Str: 22    XL:     3   Next: 46%
Magic:  2/2        EV:  9    Int:  5    God:
Gold:   34         SH:  4    Dex:  9    Spells: 2/2 levels left

rFire   . . .      SeeInvis .   a - +0 war axe
rCold   . . .      Faith    .   c - +0 buckler
rNeg    . . .      Spirit   .   b - +0 scale mail
rPois   .          Reflect  .   (helmet restricted)
rElec   .          Harm     .   (no cloak)
rCorr   .          Rampage  .   (no gloves)
Will    .....                   (no boots)
Stlth   ..........              (no amulet)
HPRegen 0.11/turn               (no ring)
MPRegen 0.08/turn               (no ring)

@: no status effects
A: horns 2, retaliatory headbutt
a: no special abilities


You were on level 2 of the Dungeon.
You visited 1 branch of the dungeon, and saw 2 of its levels.

You collected 34 gold pieces.

Inventory:

Hand Weapons
 a - a +0 war axe (weapon)
Armour
 b - a +0 scale mail (worn)
 c - a +0 buckler (worn)
Scrolls
 g - a scroll of magic mapping {unknown}
 j - a scroll of teleportation {unknown}
 k - a scroll of amnesia {unknown}
 m - a scroll of silence {unknown}
 n - a scroll of fear {unknown}
Potions
 d - a potion of might
 e - a potion of mutation {unknown}
 f - a potion of berserk rage {unknown}
 h - 2 potions of curing {unknown}
 i - a potion of flight {unknown}
 l - a potion of attraction {unknown}


   Skills:
 * Level 4.1 Fighting
 * Level 3.0 Axes
 * Level 4.1 Armour
 + Level 0.7 Dodging
 * Level 4.2 Shields


You had 2 spell levels left.
You didn't know any spells.
Your spell library contained the following spells:

 Spells                   Type           Power      Damage    Failure   Level
 Summon Lightning Spire   Summ/Air       0%         N/A       100%        4
 Storm Form               Tmut/Air       0%         N/A       100%        7
 Maxwell's Capacitive Co  Air            0%         ∞         100%        8


Dungeon Overview and Level Annotations

Branches:
Dungeon (2/15)

Altars:

Shops:
D:2 *

Annotations:
D:2 Terence


Innate Abilities, Weirdness & Mutations

You have a pair of horns on your head.
You reflexively headbutt those who attack you in melee.


Message History

Terence shouts!
There is an open door here.
Found a scale mail.
An endoplasm comes into view.
The endoplasm quivers.
Terence hits you but does no damage.
You hit Terence but do no damage. Your headbutt misses Terence.
Terence hits you with a +0 vorpal flail.
Terence misses you. You furiously retaliate!
You headbutt Terence. You hit Terence. You headbutt Terence, but do no damage.
Terence is lightly wounded.
Terence barely misses you.
You closely miss Terence.
Terence is lightly wounded.
Terence barely misses you.
You closely miss Terence.
Terence is lightly wounded.
You hit the endoplasm but do no damage.
Terence says, "Don't bother to defend, it's senseless."
You block Terence's attack. The endoplasm hits you.
The endoplasm hits you but does no damage.
Terence hits you with a +0 vorpal flail!
You closely miss Terence.
Terence is lightly wounded.
You barely miss the endoplasm. Terence hits you but does no damage.
The endoplasm hits you.
You barely miss Terence.
Terence is lightly wounded.
You hit the endoplasm. You block Terence's attack. The endoplasm freezes you.
You are frozen.
The endoplasm freezes you.
You are frozen.
* * * LOW HITPOINT WARNING * * *
Terence hits you but does no damage.
You slash Terence! Your headbutt misses Terence.
Terence is heavily wounded.
You hit the endoplasm but do no damage.
Terence hits you with a +0 vorpal flail!
You die...

####...# #.>## . ##.#
.. #+# #.# ... #.# #.#
.... #.#########.#
..... #.#.........#
...[..####'#.........#
#.....@@.............#
#####.J.............##
#...............#
#.........[.....#
#........########
##########


You could see Terence and an endoplasm.

Vanquished Creatures
  2 adders (D:2)
  2 dart slugs (D:1)
  4 endoplasms (D:1)
  A goblin (D:1)
  4 kobolds (D:1)
  3 quokkas (D:1)
  A ball python (D:1)
  3 bats (D:1)
  A frilled lizard (D:1)
  5 rats
26 creatures vanquished.

Notes
Turn   | Place    | Note
-------+----------+-------------------------------------------
     0 | D:1      | Earthwalker the Minotaur Fighter began the quest for the
                  | Orb.
     0 | D:1      | Reached XP level 1. HP: 19/19 MP: 0/0
   108 | D:1      | Reached XP level 2. HP: 27/27 MP: 1/1
   641 | D:1      | You fall into a shaft and drop 1 floor!
   648 | D:2      | Found Eruass's Assorted Antiques.
   672 | D:2      | Reached XP level 3. HP: 13/33 MP: 2/2
  1132 | D:2      | Noticed Terence
  1142 | D:2      | Slain by Terence

Illustrated notes

Levels and vault maps discovered:
D:1:      psy_arrival_whirlpool, layout_basic
D:2:      layout_basic, serial_shops, nicolae_shop_hallway_stairs, uniq_terence

Skill      XL: |  1  2  3 |
---------------+----------+-----
Shields        | 4 |  4.2
Fighting       | 4 |  4.1
Armour         | 4 |  4.1
Axes           | 3 |  3.0
Dodging        | |  0.7

Action                   || total
-------------------------++-------
Melee: War axe           ||    67
       Headbutt          ||     4
Armor: Scale mail        ||    25
Dodge: Dodged            ||    33
Block: Buckler           ||    16
